 Dungeon Crawl Stone Soup version 0.19-b1-3-g7dea586 (webtiles) character file.

9270 lorenzova the Covert (level 11, -1/47 HPs)
             Began as a Spriggan Enchanter on Oct 29, 2016.
             Was a High Priest of Dithmenos.
             Slain by an orc warrior
             ... wielding a +0 short sword
              (17 damage)
             ... on level 10 of the Dungeon.
             The game lasted 00:29:25 (11918 turns).

lorenzova the Covert (Spriggan Enchanter)          Turns: 11918, Time: 00:29:26

Health: -1/47      AC:  4    Str:  7    XL:     11   Next: 20%
Magic:  15/36      EV: 19    Int: 17    God:    Dithmenos [*****.]
Gold:   821        SH:  0    Dex: 20    Spells: 3 memorised, 26 levels left

rFire  + . .     SeeInvis +     M - +1 dagger (elec)
rCold  . . .     Gourm    .     b - +1 robe
rNeg   + . .     Faith    .     (shield restricted)
rPois  .         Spirit   .     (helmet restricted)
rElec  .         Reflect  .     w - +0 cloak of Qoohurris {rN+ Regen+ Str+3}
rCorr  .         Harm     .     (gloves unavailable)
MR     +....                    (boots unavailable)
Stlth  +++++++++.               (no amulet)
                                N - ring of protection from fire
                                o - ring of magical power

@: wreathed by umbra, very quick
A: unfitting armour, see invisible, herbivore 3, speed 3, slow metabolism 2
a: Shadow Step, Shadow Form, Renounce Religion


You were on level 10 of the Dungeon.
You worshipped Dithmenos.
Dithmenos was extremely pleased with you.
You were hungry.

You visited 2 branches of the dungeon, and saw 11 of its levels.

You collected 821 gold pieces.

Inventory:

Hand Weapons
 M - a +1 dagger of electrocution (weapon)
Armour
 b - a +1 robe (worn)
 w - the +0 cloak of Qoohurris (worn) {rN+ Regen+ Str+3}
   (You found it on level 6 of the Dungeon)

   It affects your strength (+3).
   It protects you from negative energy.
   It increases your rate of regeneration.
Jewellery
 o - a ring of magical power (left hand)
 A - an uncursed ring of positive energy
 H - an uncursed ring of flight
 N - a ring of protection from fire (right hand)
Wands
 h - a wand of slowing (36/48)
 l - a wand of teleportation (3/9)
 m - a wand of iceblast (4/15)
 r - a wand of disintegration (13/24)
 t - a wand of slowing (30/48)
 L - a wand of disintegration (13/24)
Scrolls
 f - 16 scrolls of identify {unknown}
 g - 4 scrolls of enchant armour {unknown}
 k - 5 scrolls of remove curse {unknown}
 s - a scroll of enchant weapon {unknown}
 v - 2 scrolls of teleportation {unknown}
 y - a scroll of vulnerability {unknown}
 C - a scroll of amnesia {unknown}
 E - a scroll of brand weapon {unknown}
 F - 2 scrolls of fog {unknown}
 K - a scroll of random uselessness {unknown}
Potions
 a - a potion of brilliance {unknown}
 e - 2 potions of haste {unknown}
 i - 3 potions of curing {unknown}
 j - a potion of berserk rage
 n - 2 potions of mutation {unknown}
 p - 2 potions of agility {unknown}
 q - a potion of cancellation {unknown}
 u - 4 potions of heal wounds {unknown}
 z - a potion of flight {unknown}
 B - 4 potions of degeneration {unknown}
Books
 c - a book of Maledictions

   Spells                             Type                      Level
   a - Corona                         Hexes                        1
   b - Ensorcelled Hibernation        Hexes/Ice                    2
   c - Confuse                        Hexes                        3
   d - Tukima's Dance                 Hexes                        3
   e - Dazzling Spray                 Conjuration/Hexes            3
 x - the Compendium of Fiery Self-Improvement
   (You found it on level 6 of the Dungeon)

   Spells                             Type                      Level
   a - Infusion                       Charms                       1
   b - Throw Flame                    Conjuration/Fire             2
   c - Ozocubu's Armour               Charms/Ice                   3
   d - Inner Flame                    Hexes/Fire                   3
   e - Iskenderun's Battlesphere      Conjuration/Charms           5
 G - a book of Geomancy

   Spells                             Type                      Level
   a - Sandblast                      Earth                        1
   b - Passwall                       Transmutation/Earth          2
   c - Stone Arrow                    Conjuration/Earth            3
   d - Petrify                        Transmutation/Earth          4
   e - Lee's Rapid Deconstruction     Earth                        5
Comestibles
 d - 5 bread rations
 D - a royal jelly
 I - 12 fruits
 J - 6 slices of pizza


   Skills:
 - Level 1.2 Short Blades
 - Level 3.3 Dodging
 * Level 14.5 Stealth
 * Level 11.0 Spellcasting
 * Level 11.8 Hexes
 + Level 5.5 Ice Magic


You had 26 spell levels left.
You knew the following spells:

 Your Spells              Type           Power        Failure   Level  Hunger
a - Corona                Hex            #####..      1%          1    None
b - Ensorcelled Hibernat  Hex/Ice        #####.       1%          2    None
c - Confuse               Hex            #####...     1%          3    None


Dungeon Overview and Level Annotations

Branches:
Dungeon (10/15)            Temple (1/1) D:5            Lair (0/6) D:8
    Orc: D:9-12

Altars:
Ashenzari
Dithmenos
Fedhas
Gozag
Kikubaaqudgha
Okawaru
Xom
Beogh

Shops:
D:8 *


Innate Abilities, Weirdness & Mutations

You are very small and have problems with some larger weapons.
You are too small for most types of armour.
You have supernaturally acute eyesight. (SInv)
You are a herbivore.
You cover ground extremely quickly.
You need consume almost no food.


Message History

The unseen horror appears confused.
You hit the unseen horror but do no damage.
The orc completely misses you.
You hit the orc.
The orc is lightly wounded.
The unseen horror hits the orc.
The orc closely misses you.
You closely miss the orc.
The orc is lightly wounded.
The orc hits you with a mace.
You hit the orc but do no damage.
There is a sudden explosion of sparks!
You kill the orc!
Dithmenos accepts your kill.
The unseen horror hits the two-headed ogre!
The orc warrior hits you with a short sword!
You strike the helpless two-headed ogre from behind!
You impale the two-headed ogre!!
You kill the two-headed ogre!
Dithmenos accepts your kill.
The orc warrior hits you with a short sword!
You die... ooo

#)# #)# #.# ##+##### #o#
#......#### ####'#####
#......'..#
#....o..(####......##<#
#....?o..'.##......##.##
#.)...o@.#.##....(.##..#
#........#.##......###..
#...x....#..#......# ###
#........##.'......#
#############.....)#
#......# ########


You could see an unseen horror (confused), an orc warrior and 3 orcs.

Vanquished Creatures
  A hydra (D:8)
  An elephant (D:8)
  2 ugly things
  A two-headed ogre (D:10)
  A hippogriff (D:8)
  2 dream sheep (D:8)
  A vampire (D:10)
  Sigmund (D:4)
  2 yaks (D:8)
  A wraith (D:10)
  Grum (D:9)
  Menkaure (D:6)
  Edmund (D:5)
  Duvessa (D:6)
  A black bear (D:6)
  5 orc warriors
  4 sky beasts
  3 ice beasts
  A phantom (D:10)
  2 wolves (D:9)
  A necrophage (D:7)
  4 ogres
  5 centaurs
  2 crocodiles
  5 big kobolds
  A gnoll sergeant (D:7)
  3 bullfrogs
  A water moccasin zombie (D:6)
  3 scorpions
  Dowan (D:6)
  A killer bee (D:9)
  9 wights
  5 howler monkeys
  5 crimson imps
  A quasit (D:3)
  9 hounds
  A bullfrog skeleton (D:5)
  3 orc priests
  6 jellies
  3 gnoll shamans (D:7)
  A centaur skeleton (D:9)
  2 iguanas (D:8)
  13 orc wizards
  6 worker ants
  A hound zombie (D:7)
  2 hound skeletons (D:9)
  A howler monkey zombie (D:5)
  The ghost of Stil the Stinger, a weakling SpVM (D:3)
  2 worker ant zombies (D:8)
  Robin (D:2)
  12 adders
  9 gnolls
  A shadow imp (D:5)
  A white imp (D:6)
  An ooze (D:5)
  An adder skeleton (D:8)
  An adder zombie (D:5)
  A worm (D:2)
  A dart slug (D:1)
  A leopard gecko (D:4)
  28 orcs
  6 giant cockroaches
  15 goblins
  21 hobgoblins
  8 jackals
  14 kobolds
  3 quokkas
  3 bats
  3 frilled lizards
  A jackal skeleton (D:4)
  A leopard gecko zombie (D:9)
  A quokka skeleton (D:4)
  7 rats
272 creatures vanquished.

Vanquished Creatures (others)
  A wyvern (D:9)
  An ogre (D:9)
  A crocodile (D:9)
  A bullfrog (D:9)
  A crimson imp (D:9)
  A worker ant (D:9)
6 creatures vanquished.

Grand Total: 278 creatures vanquished

Notes
Turn   | Place    | Note
-------+----------+-------------------------------------------
     0 | D:1      | lorenzova the Spriggan Enchanter began the quest for the Orb.
     0 | D:1      | Reached XP level 1. HP: 9/9 MP: 5/5
   163 | D:1      | Reached XP level 2. HP: 13/13 MP: 4/6
   175 | D:1      | Learned a level 2 spell: Ensorcelled Hibernation
   708 | D:2      | Reached skill level 5 in Stealth
   840 | D:2      | Reached XP level 3. HP: 13/16 MP: 0/8
   845 | D:2      | Learned a level 3 spell: Confuse
   980 | D:2      | Noticed Robin
  2015 | D:1      | Reached XP level 4. HP: 9/21 MP: 2/9
  2223 | D:2      | Reached skill level 6 in Stealth
  2928 | D:2      | Killed Robin
  3358 | D:3      | Noticed Stil's ghost (weakling SpVM)
  3400 | D:3      | Reached skill level 1 in Ice Magic
  3400 | D:3      | Reached XP level 5. HP: 4/24 MP: 2/11
  3661 | D:3      | Killed Stil's ghost
  3892 | D:4      | Reached skill level 5 in Hexes
  3928 | D:4      | Reached skill level 7 in Stealth
  3943 | D:4      | Noticed Sigmund
  3945 | D:4      | Killed Sigmund
  3945 | D:4      | Reached XP level 6. HP: 28/28 MP: 12/14
  4585 | D:5      | Entered Level 5 of the Dungeon
  4593 | D:5      | Found a staircase to the Ecumenical Temple.
  4605 | Temple   | Entered the Ecumenical Temple
  4610 | Temple   | Became a worshipper of Dithmenos the Shadowed
  4696 | D:5      | Reached skill level 5 in Spellcasting
  4960 | D:5      | Reached skill level 8 in Stealth
  4989 | D:5      | Noticed Edmund
  5002 | D:5      | Reached XP level 7. HP: 31/32 MP: 15/15
  5058 | D:5      | Killed Edmund
  5526 | D:6      | Noticed Duvessa
  5526 | D:6      | Noticed Dowan
  5530 | D:6      | Reached skill level 9 in Stealth
  5535 | D:6      | Noticed Menkaure
  5535 | D:6      | Killed Dowan
  6049 | D:6      | Killed Duvessa
  6049 | D:6      | Reached XP level 8. HP: 18/36 MP: 18/18
  6560 | D:6      | Reached * piety under Dithmenos
  6839 | D:6      | Got a distressingly furry cloak
  6845 | D:6      | Identified the +0 cloak of Qoohurris {rN+ Regen+ Str+3} (You found it on level 6 of the Dungeon)
  6904 | D:6      | Identified the Compendium of Fiery Self-Improvement
  6927 | D:6      | Killed Menkaure
  6927 | D:6      | Reached skill level 10 in Stealth
  7237 | D:7      | Got a smoking hand crossbow
  7238 | D:7      | Identified the +9 hand crossbow of Broken Luck {venom, rF+ MR+ Str-3 Stlth+} (You found it on level 7 of the Dungeon)
  7431 | D:7      | Reached skill level 11 in Stealth
  7622 | D:7      | Reached XP level 9. HP: 39/39 MP: 21/21
  7833 | D:7      | Reached ** piety under Dithmenos
  8413 | D:7      | Reached skill level 12 in Stealth
  9117 | D:8      | Found a staircase to the Lair.
  9117 | D:8      | Noticed an elephant
  9180 | D:8      | Killed an elephant
  9180 | D:8      | Reached *** piety under Dithmenos
  9391 | D:8      | Reached XP level 10. HP: 44/44 MP: 24/24
  9421 | D:8      | Reached skill level 10 in Hexes
  9438 | D:8      | Found Jafu's Assorted Antiques.
  9729 | D:8      | Reached skill level 13 in Stealth
  9886 | D:8      | Noticed a two-headed hydra
  9913 | D:8      | Killed a two-headed hydra
  9913 | D:8      | Reached skill level 10 in Spellcasting
 10407 | D:9      | Noticed Grum
 10417 | D:9      | Reached **** piety under Dithmenos
 10422 | D:9      | Reached skill level 5 in Ice Magic
 10437 | D:9      | Killed Grum
 11129 | D:9      | Found a shimmering altar of Xom.
 11191 | D:9      | Noticed a green ugly thing
 11223 | D:9      | Killed a green ugly thing
 11223 | D:9      | Reached skill level 14 in Stealth
 11333 | D:10     | Entered Level 10 of the Dungeon
 11337 | D:10     | Reached XP level 11. HP: 47/47 MP: 26/26
 11640 | D:10     | Reached ***** piety under Dithmenos
 11843 | D:10     | Found a roughly hewn altar of Beogh.
 11848 | D:10     | Noticed an unseen horror
 11859 | D:10     | Noticed a brown ugly thing
 11884 | D:10     | Killed a brown ugly thing
 11918 | D:10     | Slain by an orc warrior

Skill      XL: |  1  2  3  4  5  6  7  8  9 10 11 |
---------------+----------------------------------+-----
Stealth        | 5 6 7 8 9 11 12 14 | 14.5
Hexes          | 4 5 6 8 9 11 | 11.8
Spellcasting   | 3 4 5 6 7 9 10 11 | 11.0
Ice Magic      | 1 2 3 4 5 |  5.5
Short Blades   | |  1.2
Dodging        | |  3.3

Action                   |  1- 3 |  4- 6 |  7- 9 | 10-12 || total
-------------------------+-------+-------+-------+-------++-------
Melee: Dagger            |   159 |   167 |   445 |   309 ||  1080
 Cast: Corona            |     1 |       |       |       ||     1
       Ensorcelled Hiber |    28 |    23 |    60 |    30 ||   141
       Confuse           |       |    19 |    78 |    50 ||   147
 Stab: Sleeping          |    20 |    24 |    38 |    42 ||   124
       Confused          |       |     8 |    45 |    28 ||    81
  Eat: Bread ration      |       |     1 |     1 |       ||     2
       Pizza             |       |       |     2 |       ||     2
Armor: Robe              |    18 |    21 |    36 |    11 ||    86
Dodge: Dodged            |   145 |   179 |   374 |   192 ||   890
